AoeStats
← El Fantasma de Pancho Villa

Nomad

509990826Analyzed
4v4 RM · 2d ago on Sep 28, 2026· 36m 41s· 8 players
Game mode
Random Map
Map size
231×231
Population
200
Speed
Normal
Resources
Standard
Victory
Conquest
Starting age
Dark Age
Ending age
Imperial Age
RankedLock teamsTeams togetherTeam positionsShared explorationLock speedFull tech treeHidden civsTurbo modeCheats
Victory
Defeat
🇺🇸 Khmer · United States
1226
+33
🇦🇷 Khmer · Argentina
1212
+14
🇺🇸 Huns · United States
1180
+15
🇺🇸 Franks · United States
1175
+15
🇦🇺 Burgundians · Australia
1176
-15
🇨🇴 Wei · Colombia
1161
-14
🇺🇸 Cumans · United States
1157
-14
🇦🇺 Koreans · Australia
1148
-14
StandingTall
11:41 Loom
14:14 Feudal Age
12:53 Double-Bit Axe
18:45 Bow Saw
18:56 Gold Mining
19:42 Forging
22:00 Castle Age
22:02 Wheelbarrow
23:45 Iron Casting
25:00 Fishing Lines
30:26 Horse Collar
El Fantasma de Pancho Villa
5:10 Loom
15:37 Feudal Age
16:35 Man-at-Arms
18:02 Scale Mail Armor
18:13 Forging
Bread
15:40 Feudal Age
16:57 Double-Bit Axe
FormulaHawk8575
3:27 Loom
13:03 Feudal Age
15:54 Double-Bit Axe
18:03 Fletching
18:10 Gold Mining
18:58 Wheelbarrow
23:44 Castle Age
22:46 Horse Collar
24:59 Bow Saw
24:50 Bodkin Arrow
26:10 Gold Shaft Mining
27:00 Padded Archer Armor
27:11 Husbandry
29:09 Ballistics
28:56 Thumb Ring
33:09 Town Watch
Schmoo55
13:04 Feudal Age
12:50 Loom
13:53 Double-Bit Axe
13:50 Horse Collar
16:53 Forging
24:54 Castle Age
24:18 Scale Barding Armor
24:26 Bloodlines
26:08 Heavy Plow
26:20 Bow Saw
26:17 Husbandry
29:33 Iron Casting
31:59 Chain Barding Armor
33:20 Gold Mining
Killerhawk14
13:30 Feudal Age
18:49 Castle Age
17:34 Stone Mining
23:39 Gold Mining
23:41 Double-Bit Axe
24:09 Husbandry
24:44 Scale Barding Armor
26:36 Forging
32:44 Chain Barding Armor
32:59 Iron Casting
Braian
3:45 Loom
4:46 Loom
15:43 Feudal Age
16:36 Double-Bit Axe
16:40 Fishing Lines
17:40 Horse Collar
19:29 Gold Mining
22:34 Castle Age
24:37 Bloodlines
24:28 Husbandry
24:37 Scale Barding Armor
24:44 Forging
24:48 Gillnets
29:17 Chain Barding Armor
36:47 Stone Mining
Tupac Amaru III
3:49 Loom
17:50 Feudal Age
18:26 Town Watch
26:31 Stone Mining
26:32 Gold Mining
26:30 Double-Bit Axe
32:12 Castle Age
36:55 Wheelbarrow
Connection lost

Rejoining the realm…

Still unreachable

The connection could not be restored.

Session expired

The server has moved on; the page needs a fresh start.